Map: Pillars of Gold LE

Players

hades - Winner!

  • Race: Zerg Zerg
  • League: Silver
  • Spawn Location: 7:00

Massa

  • Race: Terran Terran
  • League: Platinum
  • Spawn Location: 1:00

VOD

Have the link to the VOD?

Description

Time

  • Played on: Oct. 21, 2020, 3:26 p.m.
  • Length: 14:00
Show
View Real Time Build Order
Export as new Build Order

hades Zerg - Winner!

Build Orders: Hatch First 

Get SALT Encoding   

  12  0:00  Drone  
  13  0:12  Overlord  
  13  0:17  Drone  
  14  0:35  Drone  
  14  0:36  Drone x2  
  17  0:55  Hatchery  
  16  0:57  Drone  
  17  1:05  Drone, Extractor  
  17  1:18  Spawning Pool  
  17  1:20  Drone  
  17  1:28  Overlord  
  17  1:34  Drone  
  18  1:45  Drone  
  19  1:52  Drone  
  20  2:06  Queen  
  20  2:07  Queen  
  24  2:09  Zergling x2  
  24  2:10  Zergling x2  
  26  2:16  Drone  
  26  2:19  Drone  
  28  2:23  Metabolic Boost  
  28  2:28  Drone  
  29  2:35  Drone x2  
  30  2:54  Overlord  
  30  3:03  Lair  
  30  3:06  Extractor  
  30  3:11  Queen, Overlord  
  31  3:21  Drone x2  
  31  3:22  Drone x2  
  35  3:33  Drone x5  
  40  3:40  Drone, Baneling Nest  
  40  3:41  Drone x2  
  40  3:42  Drone  
  40  3:45  Extractor  
  42  3:52  Drone  
  42  3:53  Overlord  
  43  3:57  Overlord  
  43  4:26  Drone  
  43  4:27  Extractor  
  43  4:28  Drone x3  
  46  4:33  Drone x3  
  46  4:34  Centrifical Hooks  
  46  4:37  Zergling x8  
  53  4:52  Spore Crawler  
  52  5:43  Zergling x8  
  52  5:44  Zergling x6  
  52  5:45  Overlord x2  
  59  6:08  Hatchery  
  58  6:31  Baneling x3  
  58  6:32  Baneling  
  58  6:33  Baneling x3  
  53  6:40  Zergling x12  
  53  6:41  Zergling x6  
  62  6:51  Zergling x2  
  62  6:52  Zergling x4  
  65  6:56  Queen  
  67  7:05  Drone, Spire  
  67  7:11  Baneling x8  
  67  7:15  Zergling x2  
  68  7:16  Zergling x6  
  71  7:26  Queen  
  69  7:39  Spore Crawler  
  64  8:02  Drone  
  64  8:03  Drone x4  
  64  8:04  Drone  
  64  8:05  Overlord  
  68  8:14  Zergling x2  
  68  8:15  Zergling x10  
  74  8:28  Baneling x10  
  74  8:29  Baneling  
  74  8:40  Drone x9  
  72  9:10  Zergling x6  
  72  9:11  Zergling x10  
  79  9:17  Zergling x2  
  79  9:18  Zergling x10  
  85  9:30  Spore Crawler  
  84  9:34  Drone x2  
  86  9:44  Evolution Chamber  
  85  9:48  Evolution Chamber  
  85  9:49  Infestation Pit  
  83  9:53  Zergling x12  
  83  9:54  Zergling x2, Overlord  
  83  9:55  Overlord x2  
  90  10:06  Hatchery  
  75  10:47  Mutalisk x16  
  75  10:48  Mutalisk x3  
  113  10:54  Baneling  
  113  10:55  Baneling x15  
  113  11:10  Hive  
  113  11:11  Zerg Flyer Weapons Level 1  
  113  11:14  Zerg Melee Weapons Level 1, Zerg Ground Armor Level 1  
  113  11:17  Zergling x2  
  96  12:29  Zergling x2  
  99  12:30  Zergling x46  
  90  13:19  Zergling x2  
  87  13:20  Zergling x20  
Show
View Real Time Build Order
Export as new Build Order

Massa Terran 

Build Orders:  

Get SALT Encoding   

  12  0:00  SCV  
  13  0:12  SCV  
  14  0:22  Supply Depot  
  14  0:24  SCV  
  15  0:43  SCV  
  15  0:47  Barracks  
  16  0:51  Refinery  
  16  0:56  SCV  
  17  1:06  Refinery  
  17  1:08  SCV  
  18  1:20  SCV  
  19  1:32  SCV  
  20  1:35  Reaper  
  20  1:38  Supply Depot  
  21  1:44  SCV  
  22  1:56  Orbital Command  
  22  2:05  Factory  
  22  2:07  Marine  
  23  2:22  SCV  
  24  2:26  Barracks Reactor  
  24  3:01  Starport  
  24  3:11  Command Center, Supply Depot  
  24  3:13  Marine x2  
  24  3:16  Factory Reactor  
  24  3:17  SCV  
  27  3:29  SCV  
  27  3:31  Marine x2  
  30  3:39  Medivac  
  32  3:41  SCV  
  33  3:49  Marine x2  
  33  3:53  Supply Depot  
  35  3:57  Hellion x2  
  39  4:02  Engineering Bay  
  39  4:07  Supply Depot  
  38  4:28  Supply Depot  
  38  4:30  Hellion x2  
  42  4:31  Marine  
  42  4:35  SCV  
  42  4:36  SCV  
  45  4:47  SCV, Missile Turret  
  45  4:51  Hellion  
  48  5:35  Hellion x2  
  51  5:36  Orbital Command  
  51  5:37  SCV  
  52  5:43  Supply Depot  
  52  5:47  Supply Depot  
  52  5:48  Refinery  
  52  5:49  SCV  
  53  5:52  Barracks  
  53  5:56  Hellion x2  
  57  6:01  SCV, Liberator  
  57  6:03  SCV  
  62  6:13  SCV  
  62  6:15  SCV  
  64  6:19  Refinery, Marine x2  
  64  6:24  Terran Infantry Weapons Level 1  
  66  6:25  SCV  
  66  6:28  Barracks  
  67  6:36  Marine x2  
  69  6:54  Marine  
  70  7:06  Barracks Tech Lab  
  70  7:07  Command Center  
  70  7:10  Missile Turret  
  70  7:31  Missile Turret  
  68  7:52  Marine x2, Missile Turret  
  68  7:56  Stimpack  
  67  7:59  Medivac  
  73  8:05  Hellion x2  
  73  8:10  Factory, Marine x2  
  67  8:27  Hellion x2  
  71  8:28  SCV, Marine  
  71  8:29  SCV, Medivac  
  76  8:40  SCV  
  76  8:41  SCV  
  78  8:52  SCV  
  78  8:53  SCV  
  67  9:04  SCV  
  67  9:05  SCV  
  67  9:07  Orbital Command  
  65  9:15  Hellion x2  
  65  9:16  SCV  
  68  9:17  SCV, Marauder, Marine x2  
  68  9:20  Bunker  
  71  9:25  Starport Tech Lab  
  71  9:29  SCV x2  
  73  9:33  Sensor Tower  
  73  9:35  Marine x2  
  73  9:37  Hellion x2  
  81  9:38  Marauder  
  81  9:41  SCV x2  
  81  9:42  Barracks, Sensor Tower  
  83  9:46  Banshee  
  83  9:52  Barracks Reactor, Barracks, Marine  
  86  9:53  SCV, Marine  
  86  9:58  Hellion x2  
  95  10:00  Marauder  
  95  10:04  Combat Shield  
  95  10:07  Factory Tech Lab  
  85  10:29  Banshee  
  88  10:50  Supply Depot  
  88  10:53  Supply Depot  
  88  10:58  SCV  
  88  10:59  SCV x2  
  91  11:09  Barracks Tech Lab  
  91  11:11  Marauder, Marine x3  
  93  11:12  SCV x2, Siege Tank  
  93  11:14  SCV, Marine  
  103  11:31  Refinery  
  103  11:32  Marauder  
  105  11:35  Supply Depot  
  105  11:37  Supply Depot x2  
  105  11:38  Supply Depot  
  105  11:41  Missile Turret  
  100  11:53  Marauder  
  96  11:59  Supply Depot x2  
  85  12:03  Supply Depot  
  85  12:04  Supply Depot  
  74  12:09  Marine x2  
  74  12:10  Marine x4  
  74  12:15  Marauder  
  68  12:17  Cyclone  
  68  12:21  SCV  
  71  12:27  Marine x5  
  76  12:31  Concussive Shells  
  76  12:33  SCV  
  76  12:36  Marauder  
  78  12:38  Missile Turret  
  78  12:42  Marine  
  69  12:45  SCV, Marine x4  
  56  12:55  SCV x2  
  56  12:57  SCV, Marine  
  57  13:00  Marine  
  48  13:07  SCV  
  36  13:15  Marine  
  36  13:17  Marine  
  19  13:20  Viking  
  19  13:22  Marine x2  
  19  13:23  Marine x2  
  19  13:24  Siege Tank  
  22  13:36  Missile Turret  
  22  13:40  Marine x4  
  25  13:55  Missile Turret  
Tags
 
Add a new tag
Caveats
  • Supply blocks, unpowered buildings, or Contaminate may cause inaccurate times.
  • Supply counts are checked every 10 seconds.